 Dungeon Crawl Stone Soup version 0.26-a0-812-g31a745ddcd (webtiles) character file.

Game seed: 10489499549737168062

31352 marklar909 the Thaumaturge (level 13, 0/96 HPs)
             Began as a Green Draconian Earth Elementalist on Nov 13, 2020.
             Was a High Priest of Kikubaaqudgha.
             Slain by a death yak (12 damage)
             ... on level 5 of the Lair of Beasts.
             The game lasted 00:39:58 (24984 turns).

marklar909 the Thaumaturge (DrEE)                  Turns: 24984, Time: 00:39:58

Health: 0/96       AC: 11    Str: 14    XL:     13   Next: 25%
Magic:  21/28      EV: 15    Int: 20    God:    Kikubaaqudgha [*****.]
Gold:   1328       SH:  5    Dex: 16    Spells: 6/34 levels left

rFire    + . .     SeeInvis .   F - +4 mace (protect)
rCold    . . .     Faith    .   (no shield)
rNeg     + . .     Spirit   .   (armour unavailable)
rPois    +         Reflect  +   (helmet restricted)
rElec    .         Harm     .   (no cloak)
rCorr    .         Rampage  .   E - +2 pair of gloves {Str+3}
MR       .....                  (no boots)
Stlth    ++++......             K - amulet of reflection
HPRegen  0.26/turn              z - ring of Nonycw {rN+ Dex+4 Stlth+}
MPRegen  0.21/turn              f - ring of protection from fire

@: short of breath
A: breathe noxious fumes, unfitting armour, poison resistance, cold-blooded, AC
+8
a: Breathe Noxious Fumes, Receive Corpses, Torment, Renounce Religion


You were on level 5 of the Lair of Beasts.
You worshipped Kikubaaqudgha.
Kikubaaqudgha was extremely pleased with you.
You visited 2 branches of the dungeon, and saw 16 of its levels.
You also visited: Ossuary.

You collected 1432 gold pieces.
You spent 104 gold pieces at shops.

Inventory:

Hand Weapons
 F - a +4 mace of protection (weapon)
Missiles
 b - 295 stones (quivered)
Armour
 E - a +2 pair of gloves of strength (worn)
 P - the +9 tower shield "Citwal Ezeu" {rElec rC+ Dex+4, unknown}
   (You found it on level 5 of the Lair of Beasts)

   It affects your dexterity (+4).
   It protects you from cold.
   It insulates you from electricity.
Jewellery
 a - an uncursed ring of resist corrosion {unknown}
 c - an uncursed amulet of magic regeneration
 f - a ring of protection from fire (right hand)
 h - a +6 ring of strength
 z - the ring of Nonycw (left hand) {rN+ Dex+4 Stlth+}
   (You found it on level 11 of the Dungeon)

   [ring of positive energy]

   It affects your dexterity (+4).
   It protects you from negative energy.
   It makes you more stealthy.
 I - an uncursed ring of flight {unknown}
 J - an uncursed ring of protection from cold {unknown}
 K - an amulet of reflection (around neck)
 S - a cursed ring of attention {unknown}
 T - an uncursed ring of see invisible {unknown}
Wands
 d - a wand of acid (18)
 g - a wand of polymorph (22)
 l - a wand of disintegration (21)
 s - a wand of flame (50)
 u - a wand of digging (7)
 x - a wand of random effects (45)
 G - a wand of enslavement (5)
 N - a wand of iceblast (13)
Scrolls
 e - 11 scrolls of remove curse
 i - 14 scrolls of identify
 j - 10 scrolls of teleportation
 n - 8 scrolls of fog
 q - 4 scrolls of magic mapping
 w - 2 scrolls of blinking
 y - 5 scrolls of amnesia
 D - 4 scrolls of immolation
 O - a scroll of enchant armour
 Q - 2 scrolls of enchant weapon
Potions
 k - 4 potions of heal wounds
 m - 3 potions of might
 o - 2 potions of haste
 p - 13 potions of curing
 r - a potion of resistance
 t - 2 potions of flight
 v - 2 potions of brilliance
 A - 7 potions of mutation
 B - 3 potions of lignification
 C - 2 potions of magic
 H - 3 potions of attraction
 L - a potion of cancellation {unknown}
 R - a potion of berserk rage
Miscellaneous
 M - a tin of tremorstones (2/2)


   Skills:
 + Level 4.2 Fighting
 + Level 4.0 Maces & Flails
 + Level 4.7 Dodging
 + Level 3.8 Stealth
 + Level 0.1 Shields
 + Level 0.1 Unarmed Combat
 + Level 11.4 Spellcasting
 + Level 8.3 Conjurations
 * Level 11.1 Necromancy
   Level 1.0 Transmutations
 + Level 10.9 Earth Magic


You had 6 spell levels left.
You knew the following spells:

 Your Spells              Type           Power        Failure   Level
a - Sandblast             Erth           ######       1%          1
b - Stone Arrow           Conj/Erth      ######       1%          3
c - Pain                  Necr           ####         1%          1
d - Sublimation of Blood  Necr           ######....   1%          2
e - Vampiric Draining     Necr           ######....   1%          3
f - Dispel Undead         Necr           ######..     1%          4
g - Borgnjor's Vile Clut  Necr/Erth      ######....   1%          5
h - Lee's Rapid Deconstr  Erth           ######....   1%          5
i - Animate Dead          Necr           ######....   1%          4

Your spell library contained the following spells:

 Spells                   Type           Power        Failure   Level
 Animate Skeleton         Necr           ######       1%          1
 Foxfire                  Conj/Fire      ####         1%          1
 Passwall                 Tmut/Erth      #####...     1%          2
 Agony                    Necr           ######..     1%          5
 Excruciating Wounds      Necr           ######....   1%          5
 Conjure Flame            Conj/Fire      ####....     3%          3
 Petrify                  Tmut/Erth      #####...     4%          4
 Apportation              Tloc           ##....       6%          1
 Corona                   Hex            ##.....      6%          1
 Summon Small Mammal      Summ           ##..         6%          1
 Death Channel            Necr           ######....   10%         6
 Sticky Flame             Conj/Fire      ####....     11%         4
 Inner Flame              Hex/Fire       ##......     19%         3
 Lesser Beckoning         Tloc           ##........   19%         3
 Tukima's Dance           Hex            ##......     19%         3
 Fireball                 Conj/Fire      ####......   30%         5
 Simulacrum               Ice/Necr       ####......   67%         6
 Alistair's Intoxication  Tmut/Pois      ##.......    80%         5
 Invisibility             Hex            ##......     100%        6


Dungeon Overview and Level Annotations

Branches:
Dungeon (11/15)            Temple (0/1) D:4            Lair (5/6) D:11
  Swamp (0/4) Lair:2        Snake (0/4) Lair:3        Slime (0/5) Lair:5
    Orc (0/2) D:9         Ossuary (visited)

Altars:
Dithmenos
Elyvilon
Gozag
Hepliaklqana
Kikubaaqudgha
Uskayaw
Vehumet
Yredelemnul
The Shining One
Jiyva
Lugonu

Shops:
D:2 *   D:5 !   D:11 =

Portals:
Trove: D:10 (give +5 fire dragon scales)

Annotations:
D:7 2 transporters


Innate Abilities, Weirdness & Mutations

You can breathe blasts of noxious fumes.
Your lurid green scales are hard. (AC +8)
You cannot fit into any form of body armour.
Your system is resistant to poisons. (rPois)
You are cold-blooded and may be slowed by cold attacks.


Message History

The death yak is engulfed in noxious fumes. x2
The death yak appears confused.
The death yak is engulfed in noxious fumes.
The death yak seems less confused.
You have got your breath back.
The death yak gores you.
* * * LOW HITPOINT WARNING * * *
Press: ? - help, Shift-Dir - straight line, f/p - death yak
Aim: a death yak (lightly wounded)
You exhale a blast of noxious fumes.
The blast of choking fumes hits the death yak.
The death yak is lightly wounded.
The death yak is engulfed in noxious fumes.
Unknown command.
The death yak is engulfed in noxious fumes.
The death yak appears confused.
The death yak is engulfed in noxious fumes.
The death yak gores you!
You die...
Kikubaaqudgha rasps: "You have failed me!
Welcome... death!"

.≈##≈≈.##### #.###...............
.≈≈≈≈≈..# ### #.#^............
.≈≈≈≈≈.P# ##..............
.......## ####...............
#....### #...#P.............
#....## #...☼.Y............
#....P# #+#Y#..##..........
......# #.8Y#..#...........
......# ####.@.#####..........
.#....# #........##.#.........
..PP..## ##..........##......#..
.......####...........##P....P#..
....[....#...#.........#......#..
........#...###.8.###...#....###.
........#..####....###...######P.
...##..#...# #.......#...## #..
.#######<.8###..<....÷8.>.# ##.


You could see 2 death yaks.

Vanquished Creatures
  Josephine (D:11)
  5 hydras
  3 death yaks
  Erica (D:11)
  An ugly thing (D:10)
  4 black mambas
  11 elephants
  2 torpor snails
  3 cane toads
  9 komodo dragons
  2 guardian mummies (D:10)
  A rime drake (Lair:5)
  A troll (D:9)
  Prince Ribbit (D:5)
  15 blink frogs
  2 wyverns
  4 wraiths
  19 yaks
  3 basilisks
  Duvessa (D:5)
  14 water moccasins
  3 sky beasts
  3 ice beasts
  An orc warrior (D:7)
  A black bear (D:4)
  4 ogres
  15 wolves
  2 centaurs (D:10)
  A big kobold (D:7)
  A gnoll sergeant (D:8)
  12 bullfrogs
  Dowan (D:5)
  A wyvern skeleton (D:7)
  4 scorpions
  5 killer bees (D:7)
  12 wights
  An electric eel (D:7)
  A howler monkey (D:5)
  3 centaur zombies
  2 bullfrog zombies
  3 hounds
  2 orc priests
  8 jellies
  2 gnoll shamans
  3 centaur skeletons
  A bullfrog skeleton (D:7)
  5 hell rats (Lair:3)
  13 orc wizards
  5 iguanas
  8 worker ants
  3 big kobold zombies (Ossuary)
  A hound zombie (D:7)
  A hound skeleton (D:8)
  6 mummies (Ossuary)
  3 worker ant zombies
  13 adders
  17 gnolls
  15 river rats (Lair:3)
  2 shadow imps
  2 white imps
  An ufetubus (D:8)
  4 oozes
  An adder skeleton (D:4)
  A worm (D:2)
  3 dart slugs
  4 leopard geckos
  36 orcs
  7 bats
  3 giant cockroaches
  A gnoll zombie (Ossuary)
  9 goblins
  8 hobgoblins
  5 jackals (D:4)
  11 quokkas
  5 ball pythons
  3 frilled lizards
  10 kobolds
  2 kobold zombies (Ossuary)
  A leopard gecko zombie (D:7)
  A quokka zombie (D:5)
  15 rats
420 creatures vanquished.

Vanquished Creatures (collateral kills)
  2 orcs (D:7)
2 creatures vanquished.

Vanquished Creatures (others)
  An orc wizard (D:7)
  A bush (Lair:5)
  20 fungi
  27 plants
49 creatures vanquished.

Grand Total: 471 creatures vanquished

Notes
Turn   | Place    | Note
-------+----------+-------------------------------------------
     0 | D:1      | marklar909 the Draconian Earth Elementalist began the quest
                  | for the Orb.
     0 | D:1      | Reached XP level 1. HP: 14/14 MP: 3/3
   212 | D:1      | Reached XP level 2. HP: 20/20 MP: 3/5
   721 | D:1      | Reached XP level 3. HP: 26/26 MP: 4/6
  1209 | D:1      | You fall into a shaft and drop 1 floor!
  1222 | D:2      | Learned a level 3 spell: Stone Arrow
  1242 | D:1      | Reached skill level 1 in Fighting
  1727 | D:2      | Found an ancient bone altar of Kikubaaqudgha.
  1819 | D:2      | Became a worshipper of Kikubaaqudgha
  1982 | D:2      | Found Gozag's Platinum Reserve.
  2025 | D:2      | You fall into a shaft and drop 1 floor!
  2199 | D:2      | Found an opulent altar of Gozag.
  2211 | D:2      | Reached XP level 4. HP: 35/35 MP: 6/8
  3745 | D:4      | Reached skill level 1 in Conjurations
  3745 | D:4      | Reached XP level 5. HP: 32/40 MP: 3/10
  3752 | D:4      | Reached skill level 1 in Necromancy
  4230 | D:4      | Noticed an ogre
  4235 | D:4      | Killed an ogre
  4235 | D:4      | Reached XP level 6. HP: 47/47 MP: 4/11
  4418 | D:4      | Reached * piety under Kikubaaqudgha
  4418 | D:4      | Identified Kikubaaqudgha's Disquisition on Black Secrets
                  | (Kikubaaqudgha gifted it to you on level 4 of the Dungeon)
  4418 | D:4      | Received a gift from Kikubaaqudgha
  4709 | D:4      | Learned a level 1 spell: Pain
  4712 | D:4      | Learned a level 2 spell: Sublimation of Blood
  4716 | D:4      | Learned a level 3 spell: Vampiric Draining
  5083 | D:4      | Found a staircase to the Ecumenical Temple.
  5088 | D:4      | Your scales start taking on a lurid green colour.
  5088 | D:4      | Reached XP level 7. HP: 52/52 MP: 3/13
  5088 | D:4      | Gained mutation: Your system is resistant to poisons.
                  | (rPois) [Green Draconian growth]
  5187 | D:4      | Reached skill level 5 in Earth Magic
  5864 | D:5      | Entered Level 5 of the Dungeon
  5864 | D:5      | Noticed Duvessa
  5864 | D:5      | Noticed Dowan
  5960 | D:5      | Killed Dowan
  6075 | D:5      | Found Kontageq's Distillery.
  6083 | D:5      | Bought a potion of curing for 39 gold pieces
  6083 | D:5      | Bought a potion of heal wounds for 65 gold pieces
  6101 | D:5      | Killed Duvessa
  6101 | D:5      | Reached skill level 1 in Maces & Flails
  6101 | D:5      | Reached skill level 5 in Spellcasting
  6212 | D:5      | Noticed Prince Ribbit
  6218 | D:5      | Killed Prince Ribbit
  6218 | D:5      | Reached XP level 8. HP: 59/59 MP: 1/15
  6896 | D:5      | Reached ** piety under Kikubaaqudgha
  7127 | D:5      | Found a basalt altar of Yredelemnul.
  7142 | D:5      | Found a glowing golden altar of the Shining One.
  7196 | D:5      | Noticed an angel
  7424 | D:6      | Found a sand-covered staircase.
  7469 | Ossuary  | Entered an ossuary
  8801 | D:7      | Found a transporter.
  8802 | D:7      | Noticed a small abomination
  9047 | D:7      | Found a corrupted altar of Lugonu.
  9047 | D:7      | Noticed a cyan ugly thing
  9047 | D:7      | Noticed a cyan ugly thing
  9048 | D:7      | Noticed a white ugly thing
  9098 | D:7      | Identified the +2 robe "Etzacs" {Rampage rF- rN++ rCorr}
  9101 | D:7      | Reached skill level 5 in Conjurations
  9415 | D:7      | Reached XP level 9. HP: 48/64 MP: 13/17
  9704 | D:7      | Reached *** piety under Kikubaaqudgha
  9704 | D:7      | Identified Kikubaaqudgha's Incunabulum of Evil
                  | (Kikubaaqudgha gifted it to you on level 7 of the Dungeon)
  9704 | D:7      | Received a gift from Kikubaaqudgha
  9704 | D:7      | Reached skill level 5 in Necromancy
  9713 | D:7      | Learned a level 4 spell: Dispel Undead
  9719 | D:7      | Learned a level 5 spell: Borgnjor's Vile Clutch
 10277 | D:7      | Found a transporter.
 10313 | D:7      | Found a shadowy altar of Dithmenos.
 11402 | D:8      | Reached **** piety under Kikubaaqudgha
 11417 | D:8      | Found a viscous altar of Jiyva.
 11611 | D:8      | Identified the cursed +1 ring mail of Eternity {Int+3}
 12245 | D:9      | Found a radiant altar of Vehumet.
 12246 | D:9      | Found a hide-covered altar of Uskayaw.
 12247 | D:9      | Found a white marble altar of Elyvilon.
 12248 | D:9      | Found a hazy altar of Hepliaklqana.
 12321 | D:9      | Noticed a troll
 12338 | D:9      | Killed a troll
 12338 | D:9      | Reached XP level 10. HP: 21/72 MP: 6/21
 12736 | D:9      | Found a staircase to the Orcish Mines.
 13051 | D:10     | Entered Level 10 of the Dungeon
 13762 | D:10     | Found a portal to a secret trove of treasure.
 14305 | D:10     | Learned a level 5 spell: Lee's Rapid Deconstruction
 14331 | D:11     | Noticed Josephine
 14331 | D:11     | Noticed a cyan ugly thing
 14393 | D:10     | Killed a cyan ugly thing
 14736 | D:11     | Killed Josephine
 15037 | D:11     | Noticed Erica
 15083 | D:11     | Killed Erica
 15083 | D:11     | Reached XP level 11. HP: 54/79 MP: 4/23
 15318 | D:11     | Found a staircase to the Lair.
 15342 | D:11     | Noticed a five-headed hydra
 15350 | D:11     | Killed a five-headed hydra
 15480 | D:11     | Found Okeimade's Jewellery Shop.
 16266 | D:11     | Got a warped bone ring
 16562 | Lair:1   | Entered Level 1 of the Lair of Beasts
 17815 | Lair:1   | You fall into a shaft and drop 1 floor!
 18080 | Lair:2   | Found a staircase to the Swamp.
 18194 | Lair:2   | Noticed a four-headed hydra
 18208 | Lair:2   | Killed a four-headed hydra
 18554 | Lair:1   | Reached ***** piety under Kikubaaqudgha
 19108 | Lair:1   | Learned a level 4 spell: Animate Dead
 19152 | Lair:2   | Reached XP level 12. HP: 57/88 MP: 14/25
 19315 | Lair:2   | Reached skill level 10 in Spellcasting
 19652 | Lair:2   | You fall into a shaft and drop 2 floors!
 19771 | Lair:3   | Noticed a five-headed hydra
 19779 | Lair:3   | Killed a five-headed hydra
 19838 | Lair:3   | HP: 3/89 [blink frog (19)]
 19839 | Lair:3   | Reached skill level 10 in Necromancy
 20882 | Lair:3   | Found a staircase to the Snake Pit.
 21188 | Lair:3   | Reached skill level 10 in Earth Magic
 22421 | Lair:4   | Identified the ring of Nonycw {rN+ Dex+4 Stlth+} (You found
                  | it on level 11 of the Dungeon)
 22462 | Lair:5   | Noticed a death yak
 22466 | Lair:5   | Noticed a death yak
 22484 | Lair:4   | Killed a death yak
 23655 | Lair:5   | Found the +8 lance "Wyrmbane" {slay drac, rPois rF+ rC+
                  | AC+3}
 23662 | Lair:5   | Noticed an eight-headed hydra
 23670 | Lair:5   | Killed an eight-headed hydra
 23670 | Lair:5   | Reached XP level 13. HP: 96/96 MP: 12/28
 24631 | Lair:5   | Found a staircase to the Slime Pits.
 24859 | Lair:5   | Got a brightly glowing tower shield
 24984 | Lair:5   | Slain by a death yak

Illustrated notes

Levels and vault maps discovered:
D:1:      tarquinn_simple_flora_water_f, layout_basic, minmay_split_cup_small
D:2:      layout_loops_cross, nicolae_gozag_zags_fifth_avenue,
          kiku_gazebo_garden_becter
D:3:      layout_loops_ring, chequers_garden
D:4:      layout_loops_ring, minmay_temple_entry_sparse_star
D:5:      layout_loops_cross, grunt_temple_overflow_holy_war, serial_shops,
          nicolae_shop_competitors_out_of_business, uniq_duvessa,
          uniq_prince_ribbit1
D:6:      layout_loops_ring, lightli_ossuary_entry_decrepit_ruins,
          palyth_stone_intersect
D:7:      gammafunk_corrupted_shrine, layout_cave_pods, kennysheep_mini_moat,
          minmay_misc_feat_plants, fountainhead
D:8:      layout_loops_ring, jiyva_altar_1
D:9:      layout_basic, chequers_temple_overflow_statue_of_worship, orc_0_dummy
D:10:     layout_basic, nicolae_trove_entry_path_of_doom
D:11:     layout_basic, lair_entry_dummy, serial_shops, shop, uniq_josephine,
          uniq_erica
Lair:1:   layout_hall_layers, minivault_26
Lair:2:   layout_cave_pods, swamp_mist_pool, grunt_megastairs_3,
          infiniplex_staircase_pool, lemuel_fruit_tree, serial_bayou_shore_b
Lair:3:   lemuel_ratsnest, layout_chaotic_city, minmay_snake_entry_six_corridors
Lair:4:   layout_roguey
Lair:5:   layout_gridlike, nicolae_slime_entry_slimehenge,
          lightli_volcano_entry_magma_tube, grunt_megastairs_5

Skill      XL: |  1  2  3  4  5  6  7  8  9 10 11 12 13 |
---------------+----------------------------------------+-----
Stealth        | 2 3 |  3.8
Dodging        | 2 3 4 |  4.7
Fighting       | 1 2 3 4 |  4.2
Spellcasting   | 3 4 5 7 8 9 11 | 11.4
Earth Magic    | 4 5 6 7 8 9 10 | 10.9
Conjurations   | 1 2 3 5 6 7 8 |  8.3
Necromancy     | 1 2 3 4 5 8 9 10 11 | 11.1
Maces & Flails | 1 2 3 4 |  4.0
Shields        | |  0.1
Unarmed Combat | |  0.1
Transmutations | |  1.0

Action                   |  1- 3 |  4- 6 |  7- 9 | 10-12 | 13-15 || total
-------------------------+-------+-------+-------+-------+-------++-------
Melee: Unarmed           |    35 |     5 |       |       |       ||    40
       Tailslap          |     1 |     4 |    11 |    25 |     7 ||    48
       Mace              |       |    14 |    63 |   136 |    41 ||   254
Throw: Stone             |       |       |       |     2 |       ||     2
 Cast: Sandblast         |    55 |    72 |    36 |   147 |    20 ||   330
       Stone Arrow       |       |    11 |   246 |   172 |    12 ||   441
       Pain              |       |     5 |       |       |       ||     5
       Dispel Undead     |       |       |       |    20 |       ||    20
       Borgnjor's Vile C |       |       |       |    39 |     8 ||    47
       Vampiric Draining |       |       |       |     1 |     1 ||     2
       Animate Dead      |       |       |       |     1 |       ||     1
 Abil: Breathe Noxious F |       |       |    11 |    21 |     5 ||    37
Evoke: Wand              |       |       |       |     2 |       ||     2
  Use: Scroll            |       |     8 |    12 |    12 |       ||    32
       Potion            |       |     1 |       |     1 |       ||     2
 Stab: Confused          |       |       |       |     3 |     1 ||     4
       Sleeping          |       |       |       |     1 |     1 ||     2
Armor: Skin              |    19 |    19 |    53 |   125 |    42 ||   258
Dodge: Dodged            |    31 |    42 |   116 |   268 |    94 ||   551
Block: Other             |       |       |       |    17 |    33 ||    50

Table legend: (Time is in decaauts)
 A = Elapsed time spent in this place.
 B = Non-inter-level travel time spent in this place.
 C = Inter-level travel time spent in this place.
 D = Time resting spent in this place.
 E = Time spent auto-exploring this place.
 F = Levels seen in this place.
 G = Mean time per level.
                   A        B        C        D        E       F      G
               +--------+--------+--------+--------+--------+-----+--------+
         Total |  25123 |  24349 |    774 |   6963 |  14267 |  17 | 1477.8 |
       Dungeon |  16678 |  16068 |    610 |   4622 |   9599 |  11 | 1516.2 |
          Lair |   7549 |   7385 |    164 |   2260 |   3983 |   5 | 1509.8 |
       Ossuary |    895 |    895 |      0 |     81 |    685 |   1 |  895.0 |
               +--------+--------+--------+--------+--------+-----+--------+

Top non-repeatable levels by time:
    D:11: 2598 daAuts
     D:7: 2125 daAuts
    D:10: 1885 daAuts
     D:4: 1861 daAuts
     D:3: 1824 daAuts
  Lair:2: 1823 daAuts
  Lair:4: 1789 daAuts
  Lair:3: 1600 daAuts
     D:1: 1488 daAuts
  Lair:5: 1354 daAuts
     D:5: 1293 daAuts
     D:8: 1185 daAuts
  Lair:1: 982 daAuts
 Ossuary: 895 daAuts
     D:9: 879 daAuts
